 Dungeon Crawl Stone Soup version 0.30-b1-2-g02819fbbbe (webtiles) character file.

Game seed: 3497828452545386422

86 Vic the Trooper (level 4, -1/41 HPs)
             Began as a Minotaur Fighter on Dec 26, 2023.
             Slain by Sigmund
             ... wielding a +0 scythe
              (10 damage)
             ... on level 3 of the Dungeon.
             The game lasted 00:02:22 (1470 turns).

Vic the Trooper (Minotaur Fighter)                  Turns: 1470, Time: 00:02:22

Health: -1/41      AC:  7    Str: 22    XL:     4   Next: 26%
Magic:  3/3        EV:  9    Int:  5    God:
Gold:   92         SH:  4    Dex: 10    Spells: 3/3 levels left

rFire   . . .        a - +0 war axe
rCold   . . .        c - +0 buckler
rNeg    . . .        b - +0 scale mail
rPois   .            (helmet restricted)
rElec   .            (no cloak)
rCorr   .            (no gloves)
SInv    .            (no boots)
Will    .....        (no amulet) Stlth
                     (no ring)
HPRegen 0.26/turn    (no ring)
MPRegen 0.08/turn

%: no passive effects
@: no status effects
A: horns 2, retaliatory headbutt
a: no special abilities


You were on level 3 of the Dungeon.
You visited 1 branch of the dungeon, and saw 3 of its levels.

You collected 92 gold pieces.

Inventory:

Hand Weapons
 a - a +0 war axe (weapon)
Armour
 b - a +0 scale mail (worn)
 c - a +0 buckler (worn)
Jewellery
 q - a ring of wizardry
Scrolls
 e - a scroll of torment {unknown}
 f - a scroll of enchant weapon {unknown}
 j - a scroll of teleportation {unknown}
 k - a scroll of summoning {unknown}
 l - a scroll of noise {unknown}
 o - a scroll of brand weapon {unknown}
 p - a scroll of identify {unknown}
 s - a scroll of silence {unknown}
 t - a scroll of amnesia {unknown}
Potions
 d - 2 potions of might
 g - 2 potions of lignification {unknown}
 h - a potion of curing {unknown}
 i - a potion of resistance {unknown}
 m - a potion of degeneration {unknown}
 n - 2 potions of ambrosia {unknown}
 r - 2 potions of heal wounds {unknown}
 u - a potion of flight {unknown}


   Skills:
 + Level 4.4 Fighting
 + Level 3.4 Axes
 + Level 4.4 Armour
 + Level 4.4 Shields


You had 3 spell levels left.
You didn't know any spells.
Your spell library contained the following spells:

 Spells                   Type           Power      Damage    Failure   Level
 Blink                    Tloc           0%         N/A       94%         2
 Lesser Beckoning         Tloc           0%         N/A       94%         2
 Momentum Strike          Conj/Tloc      0%         3d8       94%         2
 Malign Gateway           Summ/Tloc      0%         N/A       100%        7
 Summon Horrible Things   Summ           0%         N/A       100%        8


Dungeon Overview and Level Annotations

Branches:
Dungeon (3/15)

Altars:

Shops:
D:1 :**(=

Annotations:
D:3 Sigmund


Innate Abilities, Weirdness & Mutations

You have a pair of horns on your head.
You reflexively headbutt those who attack you in melee.


Message History

No target in view!
No target in view!
No target in view!
No target in view!
No target in view!
No target in view!
No target in view!
No target in view!
No target in view!
No target in view!
There is a strange disturbance nearby!
Unknown command.
There is a strange disturbance nearby!
You barely miss something. Your headbutt misses something.
You hear some strange, mumbled words.
Something tries to affect you, but you resist.
You hit something. Something hits you but does no damage.
You closely miss something. Your headbutt misses something.
You block something's attack.
You barely miss something. Your headbutt misses something. Something hits you.
You miss something. You barely miss something.
You hear some strange, mumbled words.
A magic dart appears from out of thin air!
The magic dart hits you. Something hits you but does no damage.
You miss something. Something hits you but does no damage.
You miss something. Something hits you!
You miss something.
You hear some strange, mumbled words.
You are confused.
You're too confused to move!
Something hits you but does no damage.
You miss something. You completely miss something. Something hits you!
Something hits you but does no damage.
You feel less confused. Something hits you but does no damage.
You miss something. Something hits you!
* * * LOW HITPOINT WARNING * * *
You miss something. Something hits you!
You die...

.. ...##..###.###.#
.. #..# #...... #.
#..# #.###.#
#?######..# #.# #.#
#.........###†###.#
##.................
#.#######.#..#####
#.........#..#
#@#.####..#..###
#{###...........#
#.# ##.##..#..#...
#.. ##...#..#.....
#. #............##
#. #..###.#.##...##
# #........# #.##
#.####)### .# # #.#
#


There were no monsters in sight!

Vanquished Creatures
  4 adders
  2 worms (D:2)
  2 dart slugs (D:1)
  6 endoplasms
  A goblin (D:1)
  6 hobgoblins
  A quokka (D:2)
  3 ball pythons
  6 bats
  4 frilled lizards (D:1)
  3 kobolds (D:2)
  3 rats
41 creatures vanquished.

Notes
Turn   | Place    | Note
-------+----------+-------------------------------------------
     0 | D:1      | Vic the Minotaur Fighter began the quest for the Orb.
     0 | D:1      | Reached XP level 1. HP: 19/19 MP: 0/0
     5 | D:1      | Found Kod Maif's Assorted Antiques.
    12 | D:1      | Found Ijoyryum's Antique Weapon Emporium.
   115 | D:1      | Found Tifianit's Jewellery Boutique.
   283 | D:1      | Reached XP level 2. HP: 27/27 MP: 1/1
   488 | D:1      | Found Ufuengim's General Store.
   536 | D:1      | Found Bevitsa's Book Emporium.
   683 | D:2      | Reached XP level 3. HP: 30/33 MP: 2/2
  1241 | D:3      | Reached XP level 4. HP: 41/41 MP: 3/3
  1447 | D:3      | Noticed Sigmund
  1470 | D:3      | Slain by Sigmund

Illustrated notes

Levels and vault maps discovered:
D:1:      eino_arrival_water_star, layout_basic, serial_shops,
          nicolae_square_shop, nicolae_shop_waterfront, shop,
          nicolae_shop_dealshenge, shop
D:2:      layout_rooms
D:3:      layout_loops_corners, pf_guarded_unrand_delatra, uniq_sigmund,
          uniq_terence

Skill      XL: |  1  2 |
---------------+-------+-----
Fighting       | 4 |  4.4
Armour         | 4 |  4.4
Axes           | 3 |  3.4
Shields        | 4 |  4.4

Action                     |  1- 3 |  4- 6 || total
---------------------------+-------+-------++-------
  Melee: War axe           |    76 |    32 ||   108
         Headbutt          |     5 |     2 ||     7
 Armour: Scale mail        |    44 |    16 ||    60
  Dodge: Dodged            |    30 |    13 ||    43
  Block: Buckler           |    18 |     7 ||    25
